 Dungeon Crawl Stone Soup version 0.21.1-1-g345015fe64 (webtiles) character file.

137 NullDivider the Charlatan (level 5, -1/26 HPs)
             Began as a Spriggan Artificer on May 30, 2018.
             Killed from afar by an orc wizard (8 damage)
             ... with a puff of frost
             ... on level 3 of the Dungeon.
             The game lasted 00:10:21 (3578 turns).

NullDivider the Charlatan (Spriggan Artificer)      Turns: 3578, Time: 00:10:22

Health: -1/26      AC:  3    Str:  8    XL:     5   Next: 0%
Magic:  9/9        EV: 19    Int: 13    God:
Gold:   99         SH:  0    Dex: 17    Spells: 4/4 levels left

rFire    . . .     SeeInvis +   a - +0 short sword
rCold    . . .     Gourm    .   (shield restricted)
rNeg     . . .     Faith    .   b - +1 robe
rPois    .         Spirit   .   (helmet restricted)
rElec    .         Reflect  .   (no cloak)
rCorr    .         Harm     .   (gloves unavailable)
MR       .....                  (boots unavailable)
Stlth    ++........             (no amulet)
HPRegen  0.08/turn              (no ring)
MPRegen  0.11/turn              (no ring)

@: very quick
A: very small, unfitting armour, see invisible, herbivore, speed 3, slow
metabolism 2
a: no special abilities


You were on level 3 of the Dungeon.
You were very hungry.

You visited 1 branch of the dungeon, and saw 3 of its levels.

You collected 99 gold pieces.

Inventory:

Hand Weapons
 a - a +0 short sword (weapon)
 p - a +0 hunting sling
Missiles
 h - 35 arrows
 j - 30 stones (quivered)
 q - 20 sling bullets
Armour
 b - a +1 robe (worn)
Wands
 c - a wand of flame (15)
 d - a wand of enslavement (13)
 e - a wand of random effects (6)
Scrolls
 g - a scroll of immolation {unknown}
 i - 3 scrolls of enchant armour
 k - a scroll of teleportation {unknown}
 m - a scroll of magic mapping {unknown}
 t - a scroll of identify {unknown}
Potions
 l - a potion of ambrosia {unknown}
 n - a potion of cancellation {unknown}
 o - 2 potions of might {unknown}
 r - a potion of haste {unknown}
 s - a potion of curing {unknown}
Comestibles
 f - 3 rations


   Skills:
 * Level 2.1 Fighting
 * Level 3.1 Short Blades
 + Level 3.8 Dodging
 + Level 3.0 Stealth
 + Level 4.6 Evocations


You had 4 spell levels left.
You didn't know any spells.

Dungeon Overview and Level Annotations

Branches:
Dungeon (3/15)

Altars:


Innate Abilities, Weirdness & Mutations

You are very small and have problems with some larger weapons.
You are too small for most types of armour.
You have supernaturally acute eyesight. (SInv)
You are a herbivore.
You cover ground extremely quickly.
You need consume almost no food.


Message History

You are too injured to fight recklessly!
You are too injured to fight recklessly!
You are too injured to fight recklessly!
You are too injured to fight recklessly!
You are too injured to fight recklessly!
You are too injured to fight recklessly!
You are too injured to fight recklessly!
You are too injured to fight recklessly!
You are too injured to fight recklessly!
You are too injured to fight recklessly!
You are too injured to fight recklessly!
You are too injured to fight recklessly!
Evoke which item? (* to show all) (? for menu, Esc to quit)
Aiming: Enslavement
Press: ? - help, Shift-Dir - straight line, f - orc wizard
Aim: an orc wizard, wielding a dagger and wearing a robe (heavily wounded, chance to defeat MR: 60%)
The orc wizard resists with significant effort.
The orc wizard points at you and mumbles some strange words.
The puff of frost hits you!
You die...

#.# #.# #.#
#.# ##.## #.#
#.###...#####
#.#
#$..........#
#.#####
.....#...###.#
#.....#
#.##.##.##
#.#######.# #
# #.#
#.........#
#@#
########..#
#o# #..#
.o.....o#
##### #..#
o....####
#...####..#
...#
#....†..>.# #o
#...#####.#
##.## #.#
#####.## #.#
#....#.# #.#


You could see an orc wizard and an orc.

Vanquished Creatures
  A centaur skeleton (D:3)
  An adder (D:3)
  4 oozes
  2 worms (D:2)
  2 dart slugs
  2 leopard geckos
  5 orcs
  2 ball pythons (D:1)
  3 giant cockroaches
  9 goblins
  6 hobgoblins
  3 jackals (D:1)
  6 kobolds
  4 bats
  7 frilled lizards
  5 rats
62 creatures vanquished.

Vanquished Creatures (others)
  An adder (D:2)
1 creature vanquished.

Grand Total: 63 creatures vanquished

Notes
Turn   | Place    | Note
-------+----------+-------------------------------------------
     0 | D:1      | NullDivider the Spriggan Artificer began the quest for the Orb.
     0 | D:1      | Reached XP level 1. HP: 9/9 MP: 4/4
   239 | D:1      | Reached skill level 1 in Fighting
   483 | D:1      | Reached XP level 2. HP: 14/14 MP: 6/6
  1572 | D:1      | Reached XP level 3. HP: 13/18 MP: 7/7
  2925 | D:2      | Reached XP level 4. HP: 21/23 MP: 8/8
  3539 | D:3      | Reached XP level 5. HP: 23/26 MP: 9/9
  3578 | D:3      | Killed from afar by an orc wizard

Skill      XL: |  1  2  3  4 |
---------------+-------------+-----
Fighting       | 1 2 |  2.1
Stealth        | 2 3 |  3.0
Short Blades   | 2 3 |  3.1
Dodging        | |  3.8
Evocations     | |  4.6

Action                   |  1- 3 |  4- 6 || total
-------------------------+-------+-------++-------
Melee: Short sword       |   212 |    98 ||   310
Evoke: Wand              |    10 |     1 ||    11
  Use: Scroll            |       |     2 ||     2
 Stab: Distracted        |     1 |       ||     1
       Sleeping          |     1 |     3 ||     4
       Paralysed         |     1 |       ||     1
Armor: Robe              |    17 |     6 ||    23
Dodge: Dodged            |   164 |    74 ||   238
